Map: Dusk Towers

Players

LilDicky - Winner!

  • Race: Terran Terran
  • League: Diamond

Spooky

  • Race: Protoss Protoss
  • League: Diamond

VOD

http://www.twitch.tv/tumescentpie

Description

Time

  • Played on: Dec. 12, 2015, 12:02 p.m.
  • Length: 7:23
Show
View Real Time Build Order
Export as new Build Order

LilDicky Terran - Winner!

Build Orders: MMM Bio 

Get SALT Encoding   

  12  0:01  SCV  
  13  0:13  SCV  
  14  0:18  Supply Depot  
  14  0:26  SCV  
  15  0:29  Refinery  
  15  0:39  SCV  
  16  0:45  Barracks  
  16  0:55  SCV  
  17  1:07  SCV  
  18  1:19  SCV  
  19  1:32  Orbital Command  
  19  1:33  Marine  
  19  1:36  Supply Depot  
  19  1:38  Factory  
  20  1:51  Marine  
  21  2:00  Barracks  
  21  2:02  SCV  
  22  2:09  Barracks  
  22  2:15  SCV  
  23  2:17  Barracks Reactor  
  23  2:20  Refinery  
  23  2:27  SCV  
  24  2:37  Supply Depot  
  24  2:39  SCV  
  25  2:44  Widow Mine  
  27  2:54  SCV  
  27  2:55  Marine x2  
  27  2:57  Barracks Tech Lab x2  
  30  3:01  Supply Depot  
  30  3:06  SCV  
  31  3:13  Widow Mine  
  31  3:19  SCV  
  34  3:26  Combat Shields  
  34  3:27  Stimpack, Marine x3  
  34  3:28  Marine  
  34  3:31  SCV  
  39  3:38  Supply Depot  
  39  3:43  SCV  
  40  3:58  Marine x3  
  40  3:59  Marine  
  42  4:04  SCV  
  42  4:09  Starport  
  43  4:16  SCV, Marine x2  
  49  4:17  Marauder x2  
  49  4:34  Marine x2  
  55  4:38  Marauder x2  
  55  4:47  Concussive Shells, Medivac  
  55  4:54  Supply Depot  
  55  4:59  Supply Depot  
  55  5:15  SCV, Marine x2  
  55  5:16  Marauder  
  60  5:21  Supply Depot  
  60  5:22  Marauder  
  60  5:25  Medivac  
  64  5:32  SCV  
  64  5:33  Marine  
  66  5:55  Medivac  
  64  6:03  Marine  
  64  6:04  Marauder, Marine  
  56  6:05  Marauder  
  56  6:09  Hellion  
  62  6:21  Marine x2  
  62  6:25  Medivac  
  66  6:26  Marauder x2  
  67  6:39  Marine x2  
  63  6:47  Marauder  
  63  6:49  Marine  
  65  6:57  Marine x2  
Show
View Real Time Build Order
Export as new Build Order

Spooky Protoss 

Build Orders: 1 Gate Expand 

Get SALT Encoding   

  12  0:01  Probe (Chrono Boost)  
  13  0:11  Probe (Chrono Boost)  
  14  0:22  Pylon  
  14  0:23  Probe (Chrono Boost)  
  15  0:40  Probe (Chrono Boost)  
  15  0:42  Gateway  
  16  0:50  Probe (Chrono Boost)  
  16  0:54  Assimilator  
  17  1:01  Probe (Chrono Boost)  
  18  1:22  Nexus  
  18  1:37  Cybernetics Core  
  18  1:38  Probe (Chrono Boost)  
  19  1:51  Gateway  
  19  1:57  Assimilator  
  19  1:58  Probe (Chrono Boost)  
  19  2:08  Probe (Chrono Boost)  
  20  2:19  Warp Gate (Chrono Boost)  
  20  2:24  Probe (Chrono Boost)  
  22  2:37  Pylon  
  22  2:44  Robotics Facility  
  22  2:45  Mothership Core (Chrono Boost)  
  22  2:47  Adept  
  25  2:51  Adept  
  27  3:07  Pylon  
  27  3:16  Pylon  
  24  3:34  Observer  
  25  3:38  Pylon  
  25  3:44  Probe (Chrono Boost)  
  25  3:45  Probe (Chrono Boost)  
  26  3:58  Probe (Chrono Boost)  
  25  4:08  Immortal (Chrono Boost)  
  27  4:25  Pylon  
  25  4:45  Stalker  
  27  4:52  Stalker  
  29  5:01  Probe  
  30  5:12  Probe  
  30  5:13  Probe  
  32  5:22  Probe  
  32  5:25  Sentry  
  35  5:34  Probe  
  35  5:36  Probe  
  37  5:45  Probe  
  37  5:48  Pylon  
  36  6:05  Sentry  
  36  6:06  Stalker  
  36  6:10  Probe  
  40  6:14  Mothership Core  
  43  6:21  Observer (Chrono Boost)  
  34  6:44  Stalker  
  34  6:45  Stalker  
  28  7:01  Probe  
  28  7:02  Probe  
  30  7:10  Stalker x2  
Tags
 
Add a new tag
Caveats
  • Supply blocks, unpowered buildings, or Contaminate may cause inaccurate times.
  • Supply counts are checked every 10 seconds.